[Event "Early-Titled-Tuesday-Blitz-March-05-2024"]
[Site "Chess.com"]
[Date "2024.03.05"]
[Round "2"]
[White "ValentunHulka"]
[Black "ljuks68"]
[Result "1-0"]
[WhiteElo "2775"]
[BlackElo "2406"]
[TimeControl "180+1"]
[EndTime "8:18:50 PST"]
[Termination "ValentunHulka won on time"]

1. Nc3 e6 2. e4 d5 3. d4 Bb4 4. a3 Bxc3+ 5. bxc3 Ne7 6. Bd3 c5 7. Nf3 O-O 8. O-O b6 9. exd5 exd5 10. c4 dxc4 11.
Be4 Nbc6 12. d5 f5 13. dxc6 fxe4 14. Ne5 Qxd1 15. Rxd1 Bf5 16. Bg5 Ng6 17. Nxc4 Rac8 18.
Rd6 h6 19. Ne3 hxg5 20. Nxf5 Rxf5 21. Rxg6 Rf6 22. Rxg5 Rcxc6 23. Rd5 Rcd6 24. Rad1 Rxd5 25. Rxd5 Re6 26. Kf1 Kf7 27. Ke2 Kf6 28. Ke3 a5 29. c4 g6 30. h4 Kf7 31. g4 Kf6 32. Kf4 Kf7 33. g5 Re8 34. Rd6 Re7 35. Rf6+ Kg7 36. Rxb6 Rd7 37. Kxe4 Rd4+ 38. Ke3 Rxh4 39. f4 Rh3+ 40. Ke4 Rxa3 41. Rb5 Rc3 42. Rxc5 a4 43. Kd4 Rf3 44. Ke5 Re3+ 45. Kd5 Rf3 46. Ra5 Rxf4 47. Rxa4 Rf5+ 48. Kd6 Rxg5 49. c5 Rg1 50. c6 Rc1 51.
Ra5 Kf6 52. Rc5 Rd1+ 53. Kc7 g5 54. Kb8 Rh1 55. c7 Rh8+ 56. Kb7 Kg6 57. Kc6 Kh5 58. Kd5 Kh4 59. c8=Q Rxc8 60. Rxc8 g4 61. Ke4 1-0

[Event "Early-Titled-Tuesday-Blitz-March-05-2024"]
[Site "Chess.com"]
[Date "2024.03.05"]
[Round "2"]
[White "Dyadya81"]
[Black "Keeper0416"]
[Result "1-0"]
[WhiteElo "2867"]
[BlackElo "2572"]
[TimeControl "180+1"]
[EndTime "8:18:51 PST"]
[Termination "Dyadya81 won by checkmate"]

1. e4 c5 2. Nc3 Nc6 3. Bb5 Nd4 4.
Bc4 e6 5. Nge2 Qc7 6. O-O a6 7. a4 Bd6 8. f4 g5 9. e5 Be7 10. d3 Nf5 11. Ne4 g4 12. N2g3 h5 13. Nxf5 exf5 14.
Nd6+ Bxd6 15. exd6 Qxd6 16. Qe1+ Kf8 17. a5 Ne7 18. b4 Qf6 19. Rb1 d5 20. Bb2 d4 21.
bxc5 Be6 22. Bxe6 fxe6 23. Qb4 Rd8 24. Qxb7 Kf7 25. Qxa6 h4 26. Qc4 h3 27. g3 Rd5 28.
a6 Rc8 29. Ba3 Rd7 30. Rb7 Rcc7 31. a7 Qh8 32. Rxc7 Rxc7 33. Re1 Nd5 34. Qa6 Qa8 35. Qxe6+ Kg7 36. c6 Nf6 37. Be7 Rxc6 38. Bxf6+ Kg6 39. Qe8+ Qxe8 40. Rxe8 Rxc2 41. a8=Q Rc1+ 42. Kf2 Rc2+ 43. Re2 Rc1 44. Bxd4 Kh5 45. Qh8+ Kg6 46. Qg7+ Kh5 47. Qg5# 1-0

[Event "Early-Titled-Tuesday-Blitz-March-05-2024"]
[Site "Chess.com"]
[Date "2024.03.05"]
[Round "2"]
[White "Juicy_Fork"]
[Black "lamomiajunior"]
[Result "1-0"]
[WhiteElo "2544"]
[BlackElo "2745"]
[TimeControl "180+1"]
[EndTime "8:18:51 PST"]
[Termination "Juicy_Fork won by resignation"]

1. e4 c5 2. Nf3 d6 3. d4 cxd4 4. Nxd4 Nf6 5. Nc3 a6 6. Bd3 g6 7. f3 Qb6 8. Nb3 Bg7 9. Qe2 Nc6 10. Be3 Qc7 11. O-O-O b5 12. g4 Be6 13. g5 Nd7 14. f4 Nb4 15. Bd4 Bxd4 16. Nxd4 Bxa2 17. Nxa2 Nxa2+ 18. Kb1 Nb4 19. h4 Qa5 20. Nb3 Qa2+ 21. Kc1 Rc8 22.
h5 Qxb3 23. hxg6 fxg6 24. e5 Na2+ 25. Kd2 Qb4+ 26. Ke3 dxe5 27. Bxg6+ hxg6 28. Rxh8+ Kf7 29. Rh4 Nf8 30. Rf1 Qd4+ 31. Kf3 e4+ 32. Kg3 Nb4 33. f5 Qe5+ 34. Kg2 gxf5 35. Qh5+ Ke6 36. Qh6+ Kd7 37. Rd1+ Nd5 38. c3 Kc7 39. g6 Ne3+ 40. Qxe3 Nxg6 41. Rh3 Nf4+ 42. Kf1 Nxh3 43. Qa7+ Kc6 44. Qxa6+ Kc7 45.
Qa7+ Kc6 46. Qd7+ Kb6 47. Qxc8 Qf4+ 48. Kg2 Qf3+ 49. Kh2 Qxd1 50. Qb8+ Kc5 51. Qc7+ Kd5 52. Qd7+ Kc4 53. Qxd1 Nf2 54. Qf1+ Nd3 55. Qxf5 Nc5 56. Qe5 e6 57. Qd4+ Kb3 58. Qxc5 e3 59. Qxe3 1-0

[Event "Early-Titled-Tuesday-Blitz-March-05-2024"]
[Site "Chess.com"]
[Date "2024.03.05"]
[Round "2"]
[White "Eloist"]
[Black "abelmat"]
[Result "1-0"]
[WhiteElo "2441"]
[BlackElo "2038"]
[TimeControl "180+1"]
[EndTime "8:18:51 PST"]
[Termination "Eloist won by checkmate"]

1. e4 e6 2. d4 d5 3. Nd2 Nc6 4. Ngf3 Nf6 5. e5 Nd7 6. Nb3 f6 7. exf6 Qxf6 8. Bg5 Qf7 9. Bb5 Bd6 10. c4 dxc4 11.
Bxc4 O-O 12. O-O Nb6 13. Bb5 h6 14. Bh4 Bd7 15. Bg3 a6 16. Bd3 Nb4 17. Be4 N4d5 18. Bxd6 cxd6 19. Rc1 Rae8 20. Qc2 Qf6 21. a3 Nf4 22. g3 Nh3+ 23. Kg2 e5 24. dxe5 dxe5 25. Nc5 Bc6 26. Bxc6 bxc6 27. Qe4 Nd5 28. Nxa6 Qe6 29.
Nc5 Qc8 30. Nd3 Rxf3 31. Qxf3 Ng5 32. Qe2 Qh3+ 33. Kg1 e4 34. f3 Nxf3+ 35. Rxf3 exf3 36. Qxe8+ Kh7 37. Rc2 f2+ 38. Rxf2 Ne3 39. Qe4+ g6 40. Qxe3 Kg8 41. Qe8+ Kg7 42. Rf7# 1-0

[Event "Early-Titled-Tuesday-Blitz-March-05-2024"]
[Site "Chess.com"]
[Date "2024.03.05"]
[Round "2"]
[White "maciek_92"]
[Black "Pedrada88"]
[Result "1-0"]
[WhiteElo "2872"]
[BlackElo "2577"]
[TimeControl "180+1"]
[EndTime "8:18:52 PST"]
[Termination "maciek_92 won by resignation"]

1. c4 e5 2. Nc3 Bb4 3. Qb3 Nc6 4.
Nf3 Nf6 5. a3 Bxc3 6. Qxc3 O-O 7.
e3 d5 8. cxd5 Nxd5 9. Qc2 Re8 10.
Be2 e4 11. Ng1 Bf5 12. b4 Ne5 13. Bb2 Nd3+ 14. Bxd3 exd3 15. Qb3 Nf4 16. g3 Be4 17. f3 Bd5 18. Qc3 Ne6 19. Qxd3 a5 20. e4 axb4 21. Qxd5 Qxd5 22. exd5 Nf4+ 23. Kf1 Nd3 24. Bd4 Rxa3 25. Rxa3 Re1+ 26. Kg2 bxa3 27. Nh3 Re2+ 28. Nf2 Rxd2 29. Ra1 a2 30. Kf1 Nxf2 31. Bxf2 b5 32. Bc5 Rxh2 33. Bf2 Rh1+ 34. Bg1 Rh5 35. Rxa2 h6 36. Rd2 Rf5 37. Ke2 g5 38. Bc5 h5 39. Ke3 h4 40. gxh4 gxh4 41. Ke4 Rh5 42. Be3 h3 43. Bf4 Kg7 44. Bxc7 b4 45. Bf4 Kg6 46. d6 f5+ 47. Ke5 Rh8 48. d7 Rd8 49. Ke6 b3 50. Ke7 Rb8 51. Bxb8 h2 52. Bxh2 b2 53. Rxb2 1-0

[Event "Early-Titled-Tuesday-Blitz-March-05-2024"]
[Site "Chess.com"]
[Date "2024.03.05"]
[Round "2"]
[White "marik_spb"]
[Black "Christian_Jordan"]
[Result "1-0"]
[WhiteElo "2460"]
[BlackElo "2136"]
[TimeControl "180+1"]
[EndTime "8:18:52 PST"]
[Termination "marik_spb won on time"]

1. d4 e6 2. c4 b6 3. Nf3 Bb7 4. Nc3 f5 5. g3 Nf6 6. Bg2 g6 7.
O-O Bg7 8. Bg5 O-O 9. d5 Na6 10. Nd4 e5 11. Ndb5 d6 12. e4 Nc5 13. b4 Ncxe4 14. Nxe4 fxe4 15. Nc3 h6 16. Bxf6 Qxf6 17. Nxe4 Qe7 18. Qd2 Kh7 19. Rae1 Qf7 20. f4 exf4 21.
Rxf4 Qg8 22. Ref1 Rxf4 23. Qxf4 Rf8 24. Qxf8 Qxf8 25. Rxf8 Bxf8 26. Nf6+ Kh8 27. Ne8 Bg7 28. Nxc7 Bd4+ 29. Kf1 a5 30. a3 axb4 31. axb4 Kg8 32. Ke2 Kf7 33. Be4 Kf6 34. h3 g5 35. Kd3 Bf2 36.
g4 Ke5 37. Bf5 Kf4 38. Ne8 Be1 39. Nxd6 Ba8 40. c5 Bxb4 41. Ne4 bxc5 42. d6 1-0

[Event "Early-Titled-Tuesday-Blitz-March-05-2024"]
[Site "Chess.com"]
[Date "2024.03.05"]
[Round "2"]
[White "Miguelito"]
[Black "Orest_Vovk"]
[Result "1-0"]
[WhiteElo "2836"]
[BlackElo "2559"]
[TimeControl "180+1"]
[EndTime "8:18:53 PST"]
[Termination "Miguelito won by resignation"]

1. e4 g5 2. d4 g4 3. Qxg4 d5 4. Qe2 dxe4 5. Qxe4 Nf6 6. Qd3 Nc6 7. Nf3 Bg4 8. Be3 Bxf3 9. gxf3 Qd5 10. Nd2 O-O-O 11. c3 e6 12. Be2 Rg8 13. Qb5 e5 14. dxe5 Qxb5 15. Bxb5 Nxe5 16. O-O-O Nd5 17. Bd4 f6 18. Rhg1 Bh6 19. Rxg8 Rxg8 20. Kc2 Bxd2 21. Kxd2 Nxf3+ 22. Ke2 Nxd4+ 23. Rxd4 c6 24. Bc4 Re8+ 25. Kf3 Re5 26. Rh4 h5 27. Bd3 Rg5 28. Rh3 Kd7 29. Rg3 Ke6 30. h4 Rxg3+ 31. fxg3 f5 32. Bc4 Ke5 33.
Bxd5 cxd5 34. Ke3 b6 35. b3 a6 36. a3 a5 37. a4 Ke6 38. Kd4 Kd6 39. b4 Ke6 40. bxa5 bxa5 41. Kc5 Ke5 42. Kb5 f4 43. gxf4+ Kxf4 44. Kxa5 Kg4 45. Kb4 Kxh4 46. a5 Kg3 47. a6 h4 48. a7 h3 49. a8=Q h2 50. Qxd5 h1=B 51. Qxh1 1-0

[Event "Early-Titled-Tuesday-Blitz-March-05-2024"]
[Site "Chess.com"]
[Date "2024.03.05"]
[Round "2"]
[White "Sajith_Peiris"]
[Black "DeArron_Fox"]
[Result "0-1"]
[WhiteElo "2241"]
[BlackElo "2487"]
[TimeControl "180+1"]
[EndTime "8:18:54 PST"]
[Termination "DeArron_Fox won by resignation"]

1. e4 c5 2. Nc3 e6 3. Nf3 a6 4. d4 cxd4 5. Nxd4 b5 6. Bd3 Bb7 7. O-O Nc6 8. Be3 Qc7 9. Nf3 Nf6 10. Re1 Ng4 11. Qd2 Bd6 12. e5 Ncxe5 13. Nxe5 Bxe5 14. f4 Bd6 15. Ne4 Bxe4 16. Bxe4 Nxe3 17. Rxe3 Bxf4 18. Bxa8 Qa7 19. Qd3 Bxe3+ 20. Kh1 Qxa8 21. Qxe3 O-O 22.
Rf1 d5 23. Qd3 Qc6 24. h3 Qc4 25. Qxc4 bxc4 26. b3 Rc8 27. b4 Rb8 28. a3 d4 29.
Rd1 e5 30. Rc1 f6 31. Kg1 Kf7 32. Kf1 Ke6 33. Ke2 Kd5 34. Rd1 e4 35. c3 d3+ 36. Ke3 f5 37. g4 Rf8 38. Rf1 f4+ 39. Kd2 e3+ 0-1

[Event "Early-Titled-Tuesday-Blitz-March-05-2024"]
[Site "Chess.com"]
[Date "2024.03.05"]
[Round "2"]
[White "viviania"]
[Black "abc_xyz4744"]
[Result "1-0"]
[WhiteElo "2888"]
[BlackElo "2413"]
[TimeControl "180+1"]
[EndTime "8:18:55 PST"]
[Termination "viviania won by resignation"]

1. Nf3 d5 2. c4 c6 3. e3 Nf6 4. Nc3 g6 5. d4 Bg7 6. Bd3 dxc4 7. O-O cxd3 8. Qxd3 O-O 9. e4 Bg4 10. Ne5 Be6 11.
h3 Nbd7 12. Nf3 Nb6 13. Rd1 Re8 14. Qc2 Qc7 15. b3 Rad8 16. Bb2 Qb8 17. Rac1 Bc8 18. Ne2 Nbd7 19. Ng3 h5 20. a4 Nf8 21. Rb1 N6d7 22.
d5 Bxb2 23. Qxb2 cxd5 24. Rxd5 Nf6 25. Rdd1 Ne6 26. b4 Qf4 27. Re1 Ng5 28. Nxg5 Qxg5 29. e5 Nd5 30. Ne4 Qf4 31. Rbc1 Bf5 32. g3 Qh6 33. h4 Rc8 34. Ng5 Qg7 35. Qd4 e6 36. Rxc8 Rxc8 37. Qxa7 Nxb4 38. Qxb7 Qf8 39. a5 Rb8 40.
Qd7 Nd5 41. a6 Qe8 42. a7 Ra8 43. Qb7 Kf8 44. Rc1 Ne7 45. Rc7 Bd3 46. Rxe7 Qxe7 47. Qxa8+ Kg7 48. Qf3 1-0

[Event "Early-Titled-Tuesday-Blitz-March-05-2024"]
[Site "Chess.com"]
[Date "2024.03.05"]
[Round "2"]
[White "FREDERICKtheMATE"]
[Black "Angel_Hranitel_37"]
[Result "1-0"]
[WhiteElo "2723"]
[BlackElo "2512"]
[TimeControl "180+1"]
[EndTime "8:18:56 PST"]
[Termination "FREDERICKtheMATE won by resignation"]

1. Nf3 Nf6 2. d4 g6 3. c4 Bg7 4.
Nc3 d6 5. e4 O-O 6. Be2 e5 7. Be3 Bg4 8. d5 Bxf3 9. Bxf3 Nfd7 10. g4 a5 11. Qd2 Na6 12. h4 f5 13. gxf5 gxf5 14. exf5 Rxf5 15. Bg4 Rf8 16. h5 Kh8 17. h6 Bf6 18. Bf5 Rg8 19. Ne4 Nac5 20. Qc2 Nxe4 21. Qxe4 Qe7 22. O-O-O Bg5 23. f4 exf4 24. Bd4+ Ne5 25.
Be6 Rg6 26. Kb1 Rxh6 27. Bxe5+ dxe5 28. Qxe5+ Bf6 29. Qxf4 Rxh1 30. Rxh1 Rf8 31. Qd2 Bg7 32. Qc2 h6 33. a3 Rf3 34. Rg1 Qf6 35. Rg2 Rxa3 36. Rf2 Rf3 37. Rxf3 Qxf3 38. Qa4 Qf6 39. Qe8+ Qf8 40. Qb5 b6 41. Ka2 Be5 42. Qd7 h5 43. Bf5 Qg8 44. Qe7 Bd4 45. Qxc7 Qg2 46. Qd8+ Kg7 47.
Qe7+ Kg8 48. Be6+ Kh8 49. Qf8+ Kh7 50. Bf5+ 1-0

[Event "Early-Titled-Tuesday-Blitz-March-05-2024"]
[Site "Chess.com"]
[Date "2024.03.05"]
[Round "2"]
[White "Josgar05"]
[Black "luckyswitchback"]
[Result "0-1"]
[WhiteElo "2367"]
[BlackElo "2683"]
[TimeControl "180+1"]
[EndTime "8:18:56 PST"]
[Termination "luckyswitchback won by resignation"]

1. Nf3 d5 2. b3 c5 3. e3 a6 4. Bb2 Nc6 5. c4 d4 6. exd4 cxd4 7. d3 g6 8. b4 Bg7 9. a3 Nh6 10. g3 Bf5 11. Bg2 Qd7 12. Qe2 Bh3 13. O-O Bxg2 14. Kxg2 O-O 15. Re1 Rfe8 16. Nbd2 e5 17. c5 Nf5 18. Nc4 Rad8 19. Nfd2 h5 20. Ne4 h4 21. Qf3 Qd5 22. Rad1 Re6 23. Ng5 Qxf3+ 24. Kxf3 Re7 25. Re2 f6 26. Ne4 Kf7 27. Rde1 Rh8 28. Kg2 h3+ 29.
Kg1 Ke8 30. Bc1 Kd7 31. f4 Kc7 32. fxe5 fxe5 33. Bg5 Re6 34. Rf1 Na7 35. g4 Nh6 36. Ned6 Nc6 37. Bxh6 Bxh6 38. Rf7+ Re7 39. Rxe7+ Nxe7 40. Rxe5 Nc6 41. Re2 Bf4 42. Ne4 Rf8 43. Ncd6 Be3+ 44.
Rxe3 dxe3 45. Ng3 Nd4 46. Nc4 e2 0-1

[Event "Early-Titled-Tuesday-Blitz-March-05-2024"]
[Site "Chess.com"]
[Date "2024.03.05"]
[Round "2"]
[White "PattyCastillo"]
[Black "GilbertoHernandezAmura"]
[Result "0-1"]
[WhiteElo "2014"]
[BlackElo "2440"]
[TimeControl "180+1"]
[EndTime "8:18:56 PST"]
[Termination "GilbertoHernandezAmura won on time"]

1. d4 Nf6 2. Nf3 c5 3. e3 g6 4.
Be2 Bg7 5. O-O O-O 6. b3 Ne4 7.
Bb2 Nc6 8. Nbd2 d5 9. a3 b6 10. Rb1 Bb7 11. c4 e6 12. cxd5 exd5 13. Qc2 cxd4 14.
Nxd4 Rc8 15. Nxc6 Rxc6 16. Qd3 Ba6 17. Qxa6 Nxd2 18. Bxg7 Kxg7 19. Rbc1 Rxc1 20. Rxc1 Nxb3 21. Rb1 Nd2 22. Rd1 Ne4 23. Qd3 Qf6 24. Bf3 Re8 25. Bxe4 dxe4 26. Qd7 Re7 27. Qd8 h5 28. h3 h4 29. Rd6 Qa1+ 30. Kh2 Qe5+ 31. Kg1 Re8 32.
Qd7 Re7 33. Qd8 b5 34. Rd5 Qa1+ 35. Kh2 Qxa3 36. Rxb5 a6 37. Rb8 Kf6 38. Qh8+ Ke6 39.
Rb6+ Kd7 40. Qd4+ Kc7 41. Rb2 Qd6+ 42. Qxd6+ Kxd6 43. Rb6+ Kc5 44. Rxa6 Kc4 45. Rf6 Kd3 46. Rf4 Ke2 47. Rxh4 Kxf2 48. Rf4+ Kxe3 49. Kg3 Kd2 0-1

[Event "Early-Titled-Tuesday-Blitz-March-05-2024"]
[Site "Chess.com"]
[Date "2024.03.05"]
[Round "2"]
[White "topce"]
[Black "Kumi29"]
[Result "1/2-1/2"]
[WhiteElo "2376"]
[BlackElo "2611"]
[TimeControl "180+1"]
[EndTime "8:18:57 PST"]
[Termination "Game drawn by stalemate"]

1. c4 b6 2. Nc3 Bb7 3. d4 f5 4. a3 Nf6 5. f3 e6 6. Nh3 g6 7. Nf2 Bg7 8. Qd3 O-O 9. e4 fxe4 10.
fxe4 d6 11. Bg5 h6 12. Be3 e5 13. d5 Nbd7 14. b4 a5 15. Rb1 axb4 16. axb4 Ra3 17.
Qd2 h5 18. h3 Qa8 19. Bd3 h4 20. O-O Nh5 21. Ng4 Ng3 22. Rxf8+ Qxf8 23. Ne2 Nf6 24. Nxf6+ Qxf6 25. Nxg3 hxg3 26. Rf1 Qh4 27. Be2 Qxe4 28.
Bh6 Bxh6 29. Qxh6 Qe3+ 30. Qxe3 Rxe3 31. Bg4 b5 32. Be6+ Kg7 33. cxb5 Rd3 34. Rf7+ Kh6 35.
Kf1 Bxd5 36. Bxd5 Rxd5 37. Rxc7 Rxb5 38. Rc6 d5 39. Rc5 Rxb4 40. Rxd5 e4 41. Ke2 g5 42. Ke3 Rb2 43. Rd2 Rxd2 44. Kxd2 Kg6 45. Kc3 Kf5 46. Kd2 Ke5 47. Ke2 Kd4 48. Kd2 e3+ 49. Ke2 Ke4 50. Ke1 Kd3 51. Kd1 Kd4 52. Ke2 Ke4 53. Ke1 Kf5 54. Ke2 Kf4 55. Ke1 Ke5 56.
Ke2 Kd4 57. Kd1 Kd3 58. Ke1 Kc3 59. Ke2 Kd4 60. Ke1 Ke4 61. Ke2 Kf4 62. Ke1 g4 63. h4 Kf5 64. Ke2 Kg6 65. Kxe3 Kh5 66. Kf4 Kxh4 67.
Kf5 Kh5 68. Kf4 Kh4 69. Kf5 Kh5 70.
Kf6 Kh4 71. Kg6 1/2-1/2

[Event "Early-Titled-Tuesday-Blitz-March-05-2024"]
[Site "Chess.com"]
[Date "2024.03.05"]
[Round "2"]
[White "Caroexpert"]
[Black "Indianlad"]
[Result "0-1"]
[WhiteElo "2613"]
[BlackElo "3013"]
[TimeControl "180+1"]
[EndTime "8:18:58 PST"]
[Termination "Indianlad won by resignation"]

1. d4 f5 2. Bg5 g6 3. e3 Bg7 4. Nc3 Nh6 5. Bc4 Nf7 6. Bf4 c6 7. Nf3 d5 8. Bd3 Nd7 9. Qd2 e5 10. dxe5 Ndxe5 11. Be2 Qe7 12. a3 Bd7 13. O-O O-O 14. Rad1 Rae8 15. h3 Kh8 16. Rfe1 Nxf3+ 17. Bxf3 Ne5 18. Be2 g5 19. Bh2 g4 20. hxg4 fxg4 21. Bf4 Ng6 22. g3 Nxf4 23. exf4 Qf6 24. Bd3 h5 25. Kg2 h4 26. gxh4 Qxf4 27. Qxf4 Rxf4 28. Rxe8+ Bxe8 29. Ne2 Rf8 30. c3 c5 31. Ng3 Bc6 32.
Kg1 Be5 33. Be2 d4 34. c4 d3 35. Bxd3 Bxg3 36. fxg3 Rf3 37. b4 Rxg3+ 38. Kf2 Rh3 39. b5 g3+ 40. Ke2 Be8 41. Rg1 Bh5+ 42. Kd2 Bf3 43. Ke3 g2 44. Kf2 Rh1 45. a4 Kg7 46. a5 b6 47. a6 Kh6 48. h5 Kxh5 49. Bf5 Kg5 50. Bd3 Kf4 51. Bc2 Rxg1 52. Kxg1 Ke3 53.
Bb3 Be2 54. Kxg2 Kd4 55. Kg3 Bxc4 56. Ba4 Kc3 57. Kf4 Kb4 58. Bd1 0-1

[Event "Early-Titled-Tuesday-Blitz-March-05-2024"]
[Site "Chess.com"]
[Date "2024.03.05"]
[Round "2"]
[White "Aleksandar-Topalov"]
[Black "only_strong_moves"]
[Result "0-1"]
[WhiteElo "2341"]
[BlackElo "2574"]
[TimeControl "180+1"]
[EndTime "8:18:58 PST"]
[Termination "only_strong_moves won by checkmate"]

1. b3 e5 2. Bb2 Nc6 3. e3 d5 4.
Bb5 Bd6 5. f4 Qe7 6. Nf3 Bg4 7.
h3 Bxf3 8. Qxf3 Nf6 9. O-O O-O 10.
Bxc6 bxc6 11. fxe5 Bxe5 12. Bxe5 Qxe5 13. Nc3 Rad8 14. Qf4 Qe7 15. Rf2 c5 16. Raf1 d4 17.
exd4 cxd4 18. Na4 Rfe8 19. d3 c5 20. Kh1 Rd5 21. Nb2 Nh5 22. Qf3 Rg5 23. g4 Nf6 24. Nc4 h5 25. Rg1 hxg4 26. hxg4 Qe6 27. Qf4 Rxg4 28.
Rxg4 Qxg4 29. Qxg4 Nxg4 30. Rf5 Re1+ 31. Kg2 Rc1 32.
Rxc5 Rxc2+ 33. Kg3 Ne3 34. Rc8+ Kh7 35. Rc7 Nxc4 36.
bxc4 Rxa2 37. Rxf7 Ra3 38. Rf3 Rc3 39. Kf4 a5 40. Ke4 Rc1 41. Kxd4 a4 42. Rf2 Ra1 43.
Kc3 g5 44. Kb4 g4 45. c5 a3 46. Kb3 Kg6 47. Rc2 Rd1 48. c6 Rxd3+ 49. Ka2 Rd8 50. c7 Rc8 51. Kxa3 Kf5 52. Kb2 Kf4 53. Kb3 Kf3 54.
Kb4 g3 55. Kb5 g2 56. Rc1 Rxc7 57. Rxc7 g1=Q 58. Rf7+ Ke4 59. Re7+ Kd5 60. Rd7+ Ke6 61. Rc7 Qb1+ 62. Kc6 Qc2+ 63. Kb7 Qb3+ 64. Kc6 Qc4+ 65. Kb6 Qb4+ 66. Kc6 Qa5 67. Kb7 Qb5+ 68. Kc8 Kd6 69. Rb7 Qe8# 0-1

[Event "Early-Titled-Tuesday-Blitz-March-05-2024"]
[Site "Chess.com"]
[Date "2024.03.05"]
[Round "2"]
[White "Sebastian"]
[Black "carlocapau"]
[Result "0-1"]
[WhiteElo "2909"]
[BlackElo "2441"]
[TimeControl "180+1"]
[EndTime "8:18:59 PST"]
[Termination "carlocapau won by checkmate"]

1. e4 c5 2. Nf3 Nc6 3. d4 cxd4 4. Nxd4 e5 5. Nb5 d6 6. c4 Be6 7. N1c3 a6 8. Na3 g6 9. Nc2 Bg7 10. Be3 Nf6 11. f3 O-O 12. Qd2 Rc8 13. Be2 Ne7 14. b3 b5 15. Nd5 Nfxd5 16. cxd5 Bd7 17. O-O f5 18. a4 Qc7 19. Rfc1 Qc3 20. axb5 axb5 21. Ra7 Rfd8 22. Qxc3 Rxc3 23. Bb6 Rdc8 24. Bd1 Bh6 25. Rb1 fxe4 26. Rxd7 Nxd5 27. Ba5 Rxc2 28. Bxc2 Rxc2 29. Rxd6 Nf4 30. fxe4 Rxg2+ 31. Kh1 Re2 32.
Rd7 Rxe4 33. Rc1 Ne6 34. Rc8+ Bf8 35. Bb6 Nf4 36. h4 Ne6 37. Bf2 Rf4 38. Kg2 e4 39. Re8 Rf6 40. Bg3 e3 41. Rd3 Kf7 42. Rb8 Bc5 43. Rb7+ Kg8 44. b4 Bd4 45. Ra3 Rf8 46. Ra6 Re8 47. Kf3 e2 48. Be1 Bg7 49. Rd6 Nd4+ 50. Kg2 Rf8 51. Rdd7 Be5 52. Re7 Nf3 53.
Bf2 e1=Q 54. Bxe1 Nxe1+ 55. Kh3 Rf3+ 56. Kg4 Rg3# 0-1

[Event "Early-Titled-Tuesday-Blitz-March-05-2024"]
[Site "Chess.com"]
[Date "2024.03.05"]
[Round "2"]
[White "HATilay"]
[Black "esrosenberg"]
[Result "0-1"]
[WhiteElo "2685"]
[BlackElo "2445"]
[TimeControl "180+1"]
[EndTime "8:19:00 PST"]
[Termination "esrosenberg won by resignation"]

1. e4 e6 2. d4 d5 3. e5 c5 4. c3 Nc6 5. Nf3 Bd7 6. a3 c4 7. Nbd2 Na5 8. Qc2 Qb6 9. Rb1 Nb3 10. Nxb3 cxb3 11. Qd3 a6 12. Qe3 Ne7 13. Bd3 Bb5 14. O-O Nf5 15. Qe2 Be7 16. Ne1 O-O 17. Bxb5 Qxb5 18. Nd3 a5 19. g4 Nh4 20. f4 a4 21.
f5 f6 22. exf6 Bxf6 23. g5 Be7 24. Qxe6+ Kh8 25. Ne5 Qe8 26. f6 Bc5 27. fxg7+ Kxg7 28. Qh6+ Kg8 29. Rxf8+ Qxf8 30. Qe6+ Kg7 31. Qf6+ Qxf6 32. gxf6+ Kxf6 33. Nd7+ Ke7 34. Nxc5 Rg8+ 35. Kf2 Rg2+ 36. Kf1 Rxh2 37. Bg5+ Kf7 38. Bxh4 Rh1+ 39. Ke2 Rxb1 40. Nxa4 b5 41. Nc5 Rxb2+ 42. Kd3 Rh2 43. Nxb3 Rxh4 44. Nc5 Rh1 45. a4 bxa4 46. Nxa4 h5 47. Ke3 Rf1 48. Ke2 Rf5 49. Nc5 h4 50. Nd3 h3 51. Nf2 h2 52.
Nh1 Rg5 53. Kf2 Rg1 54. Ng3 Rxg3 55. Kxg3 h1=Q 0-1

[Event "Early-Titled-Tuesday-Blitz-March-05-2024"]
[Site "Chess.com"]
[Date "2024.03.05"]
[Round "2"]
[White "KononenkoD"]
[Black "A-Fier"]
[Result "1-0"]
[WhiteElo "2620"]
[BlackElo "2925"]
[TimeControl "180+1"]
[EndTime "8:19:01 PST"]
[Termination "KononenkoD won on time"]

1. d4 Nf6 2. c4 c5 3. Nf3 cxd4 4. Nxd4 b6 5. Nc3 Bb7 6. f3 e6 7. e4 Nc6 8. Be3 Bc5 9. Qd2 a6 10.
Be2 Qc7 11. O-O Rc8 12. Rac1 O-O 13. Kh1 Qe5 14. Rfd1 Qh5 15. Nc2 Rfd8 16. Bxc5 bxc5 17. Qd6 Ne8 18. Qg3 d6 19. f4 Qg6 20. Qf2 Nf6 21.
Bf3 e5 22. Nd5 Nxe4 23. Bxe4 Qxe4 24. fxe5 dxe5 25. Re1 Qxc4 26. Nce3 Qd3 27. Rxc5 Re8 28. Rd1 Qg6 29. Nf5 Qh5 30. Rf1 Rcd8 31. Rxc6 Bxc6 32. Nde7+ Kh8 33. Nxc6 Rc8 34. Nce7 Rc4 35. Nxg7 Qg5 36. Nxe8 Rf4 37. Qe1 Rxf1+ 38. Qxf1 Qxe7 39. Nf6 Qe6 40. Ne4 f5 41. Ng5 Qf6 42. Nf3 e4 43. Ne1 Kg7 44.
b3 f4 45. Qc4 Qe5 46. Qxa6 e3 47.
Qd3 Qa1 48. Qe2 Kf6 49. h3 Kf5 50. Kh2 1-0

[Event "Early-Titled-Tuesday-Blitz-March-05-2024"]
[Site "Chess.com"]
[Date "2024.03.05"]
[Round "2"]
[White "JohnWhite1952"]
[Black "KoningKobe"]
[Result "0-1"]
[WhiteElo "1971"]
[BlackElo "2435"]
[TimeControl "180+1"]
[EndTime "8:19:01 PST"]
[Termination "KoningKobe won by checkmate"]

1. e4 g6 2. d4 Bg7 3. Nf3 d6 4. Nc3 a6 5. a4 Nd7 6. Be2 Ngf6 7. O-O O-O 8. Re1 e5 9. Bc4 exd4 10. Nxd4 Re8 11.
Bg5 h6 12. Bh4 g5 13. Bg3 Nc5 14. Bd3 Nxd3 15. Qxd3 Nh5 16. Nd5 Nxg3 17. hxg3 c6 18. Ne3 Qf6 19. c3 Rd8 20. Ndf5 Bf8 21. Rad1 b5 22.
axb5 axb5 23. Ra1 Be6 24. g4 Qe5 25. g3 Rxa1 26. Rxa1 d5 27. exd5 Bxd5 28. Nxd5 Rxd5 29. Qc2 Rd8 30. Kg2 c5 31. Rh1 Qe6 32. Ra1 b4 33.
cxb4 cxb4 34. Ra4 b3 35. Qc3 Rd1 36. Rd4 Rxd4 37. Qxd4 Qc6+ 38. Kh2 Qc2 39. Qb6 Qxb2 40. Nxh6+ Bxh6 41. Qxh6 Qh8 42. Qxh8+ Kxh8 43. f4 b2 44. Kg2 b1=Q 45. fxg5 Qc2+ 46. Kh3 Kg7 47. Kh4 Qh2# 0-1

[Event "Early-Titled-Tuesday-Blitz-March-05-2024"]
[Site "Chess.com"]
[Date "2024.03.05"]
[Round "2"]
[White "SashaKuzhilniy"]
[Black "vi_pranav"]
[Result "0-1"]
[WhiteElo "2631"]
[BlackElo "3078"]
[TimeControl "180+1"]
[EndTime "8:19:02 PST"]
[Termination "vi_pranav won on time"]

1. d4 Nf6 2. Bg5 Ne4 3. h4 c5 4. d5 g6 5. Nd2 Nxg5 6. hxg5 Bg7 7. c3 d6 8. Ngf3 a6 9. a4 Nd7 10. e4 Rb8 11. a5 h6 12. gxh6 Bxh6 13. Rh2 Ne5 14.
Nxe5 Bxd2+ 15. Qxd2 Rxh2 16. Nxf7 Qd7 17. Qf4 Rh1 18.
Ng5 Qb5 19. Qf7+ Kd8 20. Qf8+ Kd7 21. O-O-O Rxf1 22. Ne6 Rxd1+ 23. Kxd1 Qxa5 24. b4 cxb4 25. cxb4 Qb6 26. f4 a5 27. b5 a4 28. Ng7 Qd8 29.
Qf7 Kc7 30. Qxg6 Bd7 31. e5 a3 32. Qc2+ Kb6 33. Qf2+ Kxb5 34. Qe2+ Ka5 35. Qd2+ Kb5 36. Qd3+ Kb6 37. Qxa3 Ra8 38. Qe3+ Kc7 39. e6 Ba4+ 40.
Ke1 Kb8 41. Nf5 Ra5 42. Nd4 Rxd5 0-1

[Event "Early-Titled-Tuesday-Blitz-March-05-2024"]
[Site "Chess.com"]
[Date "2024.03.05"]
[Round "2"]
[White "almaguerjm"]
[Black "Andrey_Klymchuk"]
[Result "1/2-1/2"]
[WhiteElo "2466"]
[BlackElo "2703"]
[TimeControl "180+1"]
[EndTime "8:19:02 PST"]
[Termination "Game drawn by repetition"]

1. e4 c5 2. Nf3 Nc6 3. d3 d6 4. g3 g6 5. Bg2 Bg7 6. O-O Nf6 7. a4 O-O 8. Nbd2 Rb8 9. Re1 Qc7 10. Nc4 Bg4 11. h3 Bxf3 12. Qxf3 Nd7 13. c3 a6 14. a5 Nde5 15. Nxe5 dxe5 16. Be3 Nxa5 17. Qe2 Rfd8 18.
Qc2 b6 19. Bf1 Ra8 20. Qa4 Nb7 21. b4 b5 22. Qa3 cxb4 23. Qxb4 e6 24. Reb1 Bf8 25.
Qb2 Bc5 26. Bh6 Rd7 27. Kg2 Ra7 28. f4 Bd6 29. Qf2 Nc5 30. f5 exf5 31. exf5 e4 32.
fxg6 hxg6 33. d4 Nd3 34. Qf6 Bf8 35. Bxf8 Kxf8 36. Bxd3 Qxc3 37. Bxe4 Rxd4 38. Qh8+ Ke7 39. Qe5+ Kd7 40. Rd1 Rd2+ 41. Rxd2+ Qxd2+ 42. Kf3 Qd6 43. Qxd6+ Kxd6 44. Rd1+ Kc5 45. Rc1+ Kb4 46. Kf4 a5 47. Rb1+ Kc5 48. Rc1+ Kd4 49. Rd1+ Kc3 50. Rc1+ Kd2 51. Rc2+ Kd1 52. Ke3 b4 53. Rd2+ Kc1 54. Rc2+ Kd1 55. Rd2+ Ke1 56. Rb2 Rd7 57. Bf3 Re7+ 58. Be4 Rd7 59.
Bf3 Re7+ 60. Be4 Rd7 1/2-1/2